 Dungeon Crawl Stone Soup version 0.31-a0-868-g674d60d6f7 (webtiles) character file.

Game seed: 14962892401253146792

30 Dirtsage the Ruffian (level 3, -2/23 HPs)
             Began as an Octopode Shapeshifter on Oct 11, 2023.
             Slain by Terence
             ... wielding a +2 falchion of electrocution
              (15 damage)
             ... on level 2 of the Dungeon.
             The game lasted 00:01:36 (989 turns).

Dirtsage the Ruffian (Octopode Shapeshifter)         Turns: 989, Time: 00:01:36

Health: -2/23      AC:  1    Str: 15    XL:     3   Next: 20%
Magic:  12/12      EV: 13    Int: 12    God:
Gold:   38         SH:  0    Dex: 11    Spells: 2/2 levels left

rFire   . .          .
                       - Unarmed
rCold   . . .        (no shield)
rNeg    . . .        (helmet currently unavailable)
rPois   .            (no amulet)
rElec   .            d - ring of magical power
rCorr   .            (no ring)
SInv    .            (no ring)
Will    .....        (no ring)
Stlth   ++           (no ring)
HPRegen 0.23/turn    (no ring)
MPRegen 0.13/turn    (no ring)
                     (no ring)

%: no passive effects
@: beast-form
A: beast (slay +2), almost no armour, amphibious, 8 rings, camouflage 1,
gelatinous body 1, (nimble swimmer 1), tentacles
a: Begin Untransformation


You were on level 2 of the Dungeon.
You were a hulking beast.
You visited 1 branch of the dungeon, and saw 2 of its levels.

You collected 38 gold pieces.

Inventory:

Jewellery
 d - a ring of magical power (left tentacle)
Talismans
 b - a beast talisman (active)
 c - a flux talisman
Scrolls
 f - a scroll of identify {unknown}
 h - a scroll of teleportation {unknown}
Potions
 a - a potion of lignification
 e - a potion of mutation {unknown}
 g - a potion of curing {unknown}


   Skills:
 - Level 1.0 Fighting
 - Level 2.0 Dodging
 + Level 3.6 Unarmed Combat
 + Level 3.5 Shapeshifting


You had 2 spell levels left.
You didn't know any spells.
Your spell library was empty.

Dungeon Overview and Level Annotations

Branches:
Dungeon (2/15)

Altars:

Annotations:
D:2 Terence


Innate Abilities, Weirdness & Mutations

You are a hulking beast.
Your limbs bulge with bestial killing power. (Slay +2)
You cannot wear most types of armour.
You are amphibious.
You can wear up to eight rings at the same time.
Your skin changes colour to match your surroundings (Stealth+).
Your rubbery body absorbs attacks. (AC +1, EV +1)
((You are camouflaged when in or above water. (Stealth+)))
You have tentacles for arms and can constrict up to eight enemies at once.


Message History

You now have 38 gold pieces (gained 9).
You see here a +0 ring mail. 2 bats come into view.
The bat barely misses you. The bat closely misses you.
You barely miss the bat. You grab the bat. Your squeeze misses the bat.
You constrict the bat. The bat barely misses you.
The bat escapes!
The bat hits you.
You take 1 damage, and have 22/23 hp.
You barely miss the bat. Your grab misses the bat. Your squeeze misses the bat.
The bat barely misses you. The bat hits you but does no damage.
The bat barely misses you. The bat hits you. The bat hits you.
The bat misses you. The bat closely misses you.
You take 1 damage, and have 21/23 hp.
You miss the bat. Your grab misses the bat. The bat hits you.
The bat hits you but does no damage.
You take 1 damage, and have 20/23 hp.
You tentacle-slap the bat.
You kill the bat!
The bat hits you.
You take 1 damage, and have 19/23 hp.
You tentacle-slap the bat.
You kill the bat!
No target in view!
No target in view!
HP restored.
You see here a bat corpse.
You enter the shallow water.
Terence the Incautious comes into view.
He is wielding a +2 falchion of electrocution.
Health restored: 23 Terence is nearby!
No reachable target in view!
No reachable target in view!
Terence shouts!
You bludgeon Terence! You grab Terence.
Terence is moderately wounded.
You constrict Terence.
Terence hits you with a +2 falchion of electrocution!
You are electrocuted!
Ouch! That really hurt!
You die...

#.#. #.# ###
..... #.# ..#
#...###:###.#
#...#.....#.#
#.#.#######.#
#...~≈≈≈≈≈~.#
#.#@#######.#
#..h#....$#.#
###.###.###.#
#...#.#...#
###.#.#...#
#......##
#......#####.#
####.........#
#####.#######
#.# #....


You could see Terence.

Vanquished Creatures
  A dart slug (D:1)
  2 ball pythons (D:1)
  An endoplasm (D:1)
  2 giant cockroaches (D:1)
  A goblin (D:1)
  4 hobgoblins (D:1)
  6 jackals (D:1)
  A quokka (D:1)
  4 bats
  A kobold (D:1)
  A rat (D:1)
24 creatures vanquished.

Notes
Turn   | Place    | Note
-------+----------+-------------------------------------------
     0 | D:1      | Dirtsage the Octopode Shapeshifter began the quest for the
                  | Orb.
     0 | D:1      | Reached XP level 1. HP: 13/13 MP: 1/1
   229 | D:1      | Reached XP level 2. HP: 18/18 MP: 2/2
   510 | D:1      | Reached XP level 3. HP: 23/23 MP: 3/3
   979 | D:2      | Noticed Terence
   989 | D:2      | Slain by Terence

Illustrated notes

Levels and vault maps discovered:
D:1:      co_arrival_hexagon_in_a_hexagon, layout_loops_ring
D:2:      layout_basic, serial_shops, shop, grunt_decor_cap,
          uniq_crazy_yiuf_cottage, uniq_jessica, uniq_terence

Action                     || total
---------------------------++-------
  Melee: Unarmed           ||    37
         Constrict         ||     8
         Tentacles         ||     5
         Punch             ||     1
   Stab: Sleeping          ||     3
 Armour: Skin              ||    15
  Dodge: Dodged            ||    17

Table legend: (Time is in decaauts)
 A = Elapsed time spent in this place.
 B = Non-inter-level travel time spent in this place.
 C = Inter-level travel time spent in this place.
 D = Time resting spent in this place.
 E = Time spent auto-exploring this place.
 F = Levels seen in this place.
 G = Mean time per level.
                   A        B        C        D        E       F      G
               +--------+--------+--------+--------+--------+-----+--------+
         Total |    986 |    926 |     60 |      0 |    819 |   2 |  493.0 |
       Dungeon |    986 |    926 |     60 |      0 |    819 |   2 |  493.0 |
               +--------+--------+--------+--------+--------+-----+--------+

Top non-repeatable levels by time:
     D:1: 844 daAuts
     D:2: 141 daAuts
